Map: Eternal Empire LE

Players

antagomiR - Winner!

  • Race: Zerg Zerg
  • League: Gold
  • Spawn Location: 7:00

A.I. 1 (Very Easy)

  • Race: Terran Terran
  • Spawn Location: 1:00

VOD

Have the link to the VOD?

Description

Time

  • Played on: April 1, 2020, 8:40 p.m.
  • Length: 6:05
Show
View Real Time Build Order
Export as new Build Order

antagomiR Zerg - Winner!

Build Orders: Pool First 

Get SALT Encoding   

  12  0:15  Drone  
  13  0:27  Overlord  
  13  0:53  Spawning Pool  
  12  0:57  Drone  
  12  1:03  Drone  
  14  1:11  Extractor  
  14  1:15  Drone  
  14  1:39  Hatchery, Drone  
  14  1:40  Drone  
  14  1:44  Zergling x2  
  16  2:07  Zergling x4  
  18  2:13  Drone  
  19  2:24  Drone  
  20  2:43  Drone  
  21  2:48  Drone  
  22  2:53  Extractor  
  22  2:57  Zergling x4  
  23  3:03  Metabolic Boost  
  23  3:09  Zergling x4  
  22  3:48  Zergling x2  
  22  3:49  Zergling x10  
  28  4:10  Overlord  
  28  4:11  Overlord  
  28  4:32  Drone x3  
  28  4:33  Drone  
  32  4:47  Zergling x6  
  32  4:48  Zergling x2  
  36  5:05  Drone x3  
  39  5:11  Hatchery  
  39  5:13  Zergling x2  
Show
View Real Time Build Order
Export as new Build Order

A.I. 1 (Very Easy) Terran 

Build Orders:  

Get SALT Encoding   

  12  0:00  SCV  
  13  0:13  SCV  
  14  0:18  Supply Depot  
  14  0:37  Refinery  
  14  0:42  Barracks  
  14  1:04  Supply Depot  
  14  1:15  SCV  
  15  1:27  SCV  
  15  1:30  Marine  
  17  1:39  SCV  
  18  1:48  Reaper  
  18  1:51  SCV  
  20  2:03  SCV  
  21  2:15  SCV  
  22  2:27  Orbital Command  
  22  3:19  Marine  
  20  3:34  SCV  
  20  3:37  Reaper  
  19  3:46  SCV  
  19  3:59  SCV  
  20  4:09  Marine  
  21  4:11  SCV  
  22  4:23  SCV  
  23  4:32  Refinery  
  23  4:34  Factory  
  23  4:35  SCV  
  23  4:36  Supply Depot  
  24  4:42  Marine  
  25  4:47  SCV  
  26  4:59  SCV  
  27  5:11  SCV  
  28  5:14  Supply Depot  
  28  5:18  Starport  
  28  5:19  Barracks Tech Lab  
  28  5:23  SCV  
  29  5:32  Hellion  
  30  5:35  SCV  
  30  5:39  Supply Depot  
  27  5:47  SCV  
Tags
 
League
Gold
Matchup
TvZ
Opening
Pool First
Replay Pack
20200422
Spawn Locations
Cross Positions
Add a new tag
Caveats
  • Supply blocks, unpowered buildings, or Contaminate may cause inaccurate times.
  • Supply counts are checked every 10 seconds.